 Dungeon Crawl Stone Soup version 0.17.2-1-ge4368a0 (webtiles) character file.

72 Hurricos the Cudgeler (level 4, -1/44 HPs)
             Began as an Ogre Warper on Sept 26, 2017.
             Killed from afar by Terence (12 damage)
             ... with a wand of frost
             ... on level 2 of the Dungeon.
             The game lasted 00:02:00 (1554 turns).

Hurricos the Cudgeler (Ogre Warper)                 Turns: 1554, Time: 00:02:00

Health: -1/44      AC:  3    Str: 16    XL:     4   Next: 25%
Magic:  2/7        EV: 15    Int: 12    God:
Gold:   56         SH:  0    Dex: 15    Spells: 3 memorised, 2 levels left

rFire  . . .     SeeInvis .     a - +0 mace
rCold  . . .     Clarity  .     b - +0 robe
rNeg   . . .     SustAt   .     (no shield)
rPois  .         Gourm    .     (helmet restricted)
rElec  .         Spirit   .     (no cloak)
rCorr  .         Warding  .     (gloves unavailable)
rMut   .         Stasis   .     (boots unavailable)
MR     .....                    (no amulet)
Stlth  ++........               (no ring)
                                (no ring)

@: agile, shrouded (expiring), very slightly contaminated, not resistant to
hostile enchantments, unstealthy
A: unfitting armour, tough skin 1
a: no special abilities


You were on level 2 of the Dungeon.
You were hungry.

You visited 1 branch of the dungeon, and saw 2 of its levels.

You collected 56 gold pieces.

Inventory:

Hand Weapons
 a - a +0 mace (weapon)
Missiles
 e - 3 tomahawks of dispersal (quivered)
 j - 5 exploding sling bullets
Armour
 b - a +0 robe (worn)
Scrolls
 d - a scroll of blinking
Books
 c - a book of Spatial Translocations

   Spells                             Type                      Level
   a - Apportation                    Translocation                1
   b - Blink                          Translocation                2
   c - Shroud of Golubria             Charms/Translocation         2
   d - Portal Projectile              Translocation                3
   e - Teleport Other                 Translocation                3
   f - Passage of Golubria            Translocation                4
Comestibles
 f - 2 bread rations
 g - a meat ration
 k - a chunk of flesh
 l - a fruit


   Skills:
 - Level 2.6 Fighting
 + Level 5.8 Maces & Flails
 - Level 1.0 Throwing
 - Level 2.1 Dodging
 - Level 2.4 Spellcasting
 - Level 2.1 Translocations


You had 2 spell levels left.
You knew the following spells:

 Your Spells              Type           Power        Failure   Level  Hunger
a - Apportation           Tloc           #.........   12%         1    ##.....
b - Blink                 Tloc           N/A          17%         2    ###....
c - Shroud of Golubria    Chrm/Tloc      #.........   28%         2    ###....


Dungeon Overview and Level Annotations

Branches:
Dungeon (2/15)

Altars:

Annotations:
D:2 Terence


Innate Abilities, Weirdness & Mutations

You are too large for most types of armour.
You have tough skin (AC +1).


Message History

You hit Terence.
Terence is moderately wounded.
Terence zaps a wand.
The puff of frost misses you.
You closely miss Terence.
Terence is moderately wounded.
Terence zaps a wand.
The puff of frost hits you!
A jackal comes into view.
You hit Terence but do no damage.
Terence is moderately wounded.
Your shroud begins to fray at the edges.
Terence zaps a wand.
The puff of frost hits you!
You barely miss Terence.
Terence is moderately wounded.
Terence zaps a wand.
The puff of frost hits you!
* * * LOW HITPOINT WARNING * * *
Drink which item? (? for menu, Esc to quit)
It was a potion of agility.
You feel agile all of a sudden.
Terence zaps a wand.
The puff of frost hits you!
You die...

### #.# h=# #.# #(# #.# #g##
#.# ###..# ######.# +....#
#....#.# #..# #.##.#.# #
#..##############)##.#.#
#######$.@..§h@@§....>..##.#.#
...........#####§..#######.#.#
###..#.....# #§..#...# #.#.#
.[.........# #...#...# #.#.#
####.......# #...#...# #.#.#
#.......# #...#...# #.#.###
#.......# #####...###.#....
##..(...# #....'.#.#####
#......# #....#.#.#


You could see Terence and a jackal.

Vanquished Creatures
  Ijyb (D:2)
  3 adders (D:2)
  A worm (D:2)
  A kobold (D:1)
  A ball python (D:1)
  2 bats (D:2)
  2 giant newts
  4 goblins
  2 rats (D:1)
17 creatures vanquished.

Notes
Turn   | Place    | Note
--------------------------------------------------------------
     0 | D:1      | Hurricos the Ogre Warper began the quest for the Orb.
     0 | D:1      | Reached XP level 1. HP: 22/22 MP: 3/3
   250 | D:1      | Reached skill level 3 in Maces & Flails
   807 | D:1      | Reached XP level 2. HP: 26/29 MP: 5/5
   943 | D:2      | Learned a level 2 spell: Shroud of Golubria
   946 | D:2      | Learned a level 2 spell: Blink
  1002 | D:2      | Reached skill level 4 in Maces & Flails
  1116 | D:2      | Reached XP level 3. HP: 36/36 MP: 3/6
  1154 | D:2      | Reached skill level 5 in Maces & Flails
  1350 | D:2      | Noticed Ijyb
  1466 | D:2      | Killed Ijyb
  1466 | D:2      | Reached XP level 4. HP: 34/44 MP: 7/7
  1540 | D:2      | Noticed Terence
  1554 | D:2      | Killed from afar by Terence

Action                   |  1- 3 |  4- 6 || total
-------------------------+-------+-------++-------
Melee: Mace              |    67 |     8 ||    75
Throw: Tomahawk          |     2 |       ||     2
 Cast: Shroud of Golubri |     4 |     1 ||     5
  Use: Scroll            |       |     1 ||     1
       Potion            |       |     1 ||     1
  Eat: Chunk             |     2 |       ||     2
